 Dungeon Crawl Stone Soup version 0.25-a0-766-g0ecfff5982 (webtiles) character file.

Game seed: 9999021476996905205, levelgen mode: deterministic

1729807 magipi the Wrestler (level 27, 285/310 HPs)
             Began as a Troll Artificer on Apr 12, 2020.
             Was the Champion of Okawaru.
             Escaped with the Orb
             ... and 3 runes on Apr 13, 2020!
             The game lasted 05:07:53 (70684 turns).

magipi the Wrestler (Troll Artificer)              Turns: 70684, Time: 05:07:54

Health: 285/310    AC: 43    Str: 28    XL:     27
Magic:  42/42      EV: 14    Int: 18    God:    Okawaru [******]
Gold:   12599      SH: 16    Dex: 17    Spells: 26/26 levels left

rFire    + + +     SeeInvis +     - Unarmed
rCold    + . .     Gourm    +   K - +4 kite shield of Sekko {*Contam rElec rF++ MP+9}
rNeg     . . .     Faith    +   S - +12 gold dragon scales
rPois    +         Spirit   .   M - +2 hat {MR+}
rElec    +         Reflect  .   p - +2 cloak {MR+}
rCorr    +         Harm     .   (gloves unavailable)
MR       +++++     Rnd*Rage +   (boots unavailable)
Stlth    ..........             r - amulet of faith
HPRegen  1.01/turn              o - ring "Agocah" {rCorr Int+9 Dex+2}
MPRegen  0.28/turn              i - ring of see invisible

@: no status effects
A: large, unfitting armour, claws 3, berserk 1, clumsy 1, fast metabolism 3,
gourmand, magic resistance 1, regeneration 1, robust 1, shaggy fur 1, tough skin
3
0: Orb of Zot
}: 3/15 runes: decaying, serpentine, slimy
a: Heroism, Finesse, Renounce Religion


You escaped.
You worshipped Okawaru.
Okawaru was exalted by your worship.
You were full.

You visited 10 branches of the dungeon, and saw 53 of its levels.
You visited the Abyss 1 time.
You also visited: Bailey and Desolation.

You collected 15393 gold pieces.
You spent 2794 gold pieces at shops.

Inventory:

Missiles
 t - 60 javelins
 F - 4 curare-tipped darts
 P - 12 silver javelins
 Q - 101 large rocks
 U - 3 throwing nets (quivered)
Armour
 p - a +2 cloak of magic resistance (worn)
   (You found it on level 3 of the Depths)
 K - the +4 kite shield of Sekko (worn) {*Contam rElec rF++ MP+9}
   (Okawaru gifted it to you on level 4 of the Lair of Beasts)

   It greatly protects you from fire.
   It insulates you from electricity.
   It affects your magic capacity (+9).
   It causes magical contamination when unequipped.
 M - a +2 hat of magic resistance (worn)
   (Okawaru gifted it to you on level 15 of the Dungeon)
 S - +12 gold dragon scales (worn)
   (Okawaru gifted it to you on level 2 of the Vaults)
Jewellery
 i - a ring of see invisible (right claw)
   (You found it on level 4 of the Depths)
 n - an uncursed ring of positive energy
   (You found it on level 4 of the Dungeon)
 o - the ring "Agocah" (left claw) {rCorr Int+9 Dex+2}
   (You found it on level 1 of the Depths)

   [ring of resist corrosion]

   It affects your intelligence (+9).
   It affects your dexterity (+2).
   It provides partial protection from all sources of acid and corrosion.
 r - an amulet of faith (around neck)
   (You found it on level 2 of the Dungeon)
Wands
 d - a wand of digging (16)
   (You found it on level 5 of the Dungeon)
 e - a wand of paralysis (34)
   (You took it off an orc warrior on level 15 of the Dungeon)
 g - a wand of clouds (2)
   (You found it on level 3 of the Swamp)
 u - a wand of scattershot (3)
   (You found it on level 2 of the Realm of Zot)
 C - a wand of enslavement (31)
 O - a wand of polymorph (55)
   (You found it on level 3 of the Lair of Beasts)
 T - a wand of iceblast (49)
   (You found it on level 4 of the Lair of Beasts)
 W - a wand of acid (10)
   (You found it on level 2 of the Realm of Zot)
Scrolls
 c - 2 scrolls of holy word
 f - 3 scrolls of silence
 h - 8 scrolls of noise
 j - 9 scrolls of identify
 q - 25 scrolls of remove curse
 s - 2 scrolls of immolation
 w - 9 scrolls of fog
 y - 4 scrolls of magic mapping
 z - 4 scrolls of summoning
 D - 14 scrolls of teleportation
 H - 3 scrolls of fear
 I - 4 scrolls of blinking
Potions
 b - 2 potions of mutation
 l - 18 potions of curing
 m - a potion of invisibility
 v - 12 potions of flight
 A - 7 potions of ambrosia
 B - 6 potions of cancellation
 G - 4 potions of heal wounds
 L - a potion of magic
 N - 6 potions of berserk rage
 R - 6 potions of haste
 V - 9 potions of might
 Z - 8 potions of resistance
Miscellaneous
 k - 10 boxes of beasts
 E - a lightning rod (4/4)
   (You found it on level 9 of the Dungeon)
 J - 2 phantom mirrors
 X - a phial of floods
   (You found it on level 6 of the Lair of Beasts)
Comestibles
 x - 70 rations


   Skills:
 - Level 18.0 Fighting
   Level 0.7 Short Blades
 + Level 18.6 Throwing
 - Level 17.0 Armour
 + Level 18.7 Dodging
 - Level 0.3 Stealth
 - Level 9.0 Shields
 + Level 21.0 Unarmed Combat
 - Level 10.0 Invocations
 + Level 15.7 Evocations


You had 26 spell levels left.
You didn't know any spells.
Your spell library contained the following spells:

 Spells                   Type           Power        Failure   Level  Hunger
 Animate Skeleton         Necr           N/A          98%         1    ##.....
 Beastly Appendage        Tmut           #.....       98%         1    ##.....
 Corona                   Hex            #......      98%         1    ##.....
 Foxfire                  Conj/Fire      #...         98%         1    ##.....
 Infusion                 Chrm           #...         98%         1    ##.....
 Magic Dart               Conj           #...         98%         1    ##.....
 Pain                     Necr           #...         98%         1    ##.....
 Sandblast                Erth           #.....       98%         1    ##.....
 Shock                    Conj/Air       #...         98%         1    ##.....
 Summon Butterflies       Summ           #.......     98%         1    ##.....
 Summon Small Mammal      Summ           #...         98%         1    ##.....
 Blink                    Tloc           N/A          99%         2    ###....
 Call Imp                 Summ           #.......     99%         2    ###....
 Corpse Rot               Necr/Air       N/A          99%         2    ###....
 Ensorcelled Hibernation  Hex/Ice        #.....       99%         2    ###....
 Poisonous Vapours        Pois/Air       #.....       99%         2    ###....
 Searing Ray              Conj           #.....       99%         2    ###....
 Shroud of Golubria       Chrm/Tloc      #.....       99%         2    ###....
 Slow                     Hex            #.......     99%         2    ###....
 Song of Slaying          Chrm           #.......     99%         2    ###....
 Sticks to Snakes         Tmut           #.......     99%         2    ###....
 Sublimation of Blood     Necr           #.........   99%         2    ###....
 Swiftness                Chrm/Air       #.......     99%         2    ###....
 Call Canine Familiar     Summ           #.......     100%        3    ####...
 Confusing Touch          Hex            #.......     100%        3    ####...
 Conjure Flame            Conj/Fire      #.......     100%        3    ####...
 Dazzling Flash           Conj/Hex       #.....       100%        3    ####...
 Frozen Ramparts          Ice            #.....       100%        3    ####...
 Gell's Gravitas          Tloc           #.........   100%        3    ####...
 Ignite Poison            Fire/Tmut/Pois #.......     100%        3    ####...
 Inner Flame              Hex/Fire       #.......     100%        3    ####...
 Lesser Beckoning         Tloc           #.........   100%        3    ####...
 Mephitic Cloud           Conj/Pois/Air  #.......     100%        3    ####...
 Ozocubu's Armour         Chrm/Ice       #.......     100%        3    ####...
 Portal Projectile        Hex/Tloc       #.....       100%        3    ####...
 Recall                   Summ/Tloc      N/A          100%        3    ####...
 Spectral Weapon          Hex/Chrm       #.......     100%        3    ####...
 Spider Form              Tmut/Pois      #.........   100%        3    ####...
 Static Discharge         Conj/Air       #.......     100%        3    ####...
 Summon Guardian Golem    Hex/Summ       #.......     100%        3    ####...
 Teleport Other           Tloc           #.......     100%        3    ####...
 Vampiric Draining        Necr           #.........   100%        3    ####...
 Airstrike                Air            #.........   100%        4    #####..
 Animate Dead             Necr           N/A          100%        4    #####..
 Cause Fear               Hex            #.........   100%        4    #####..
 Fulminant Prism          Conj/Hex       #.........   100%        4    #####..
 Hailstorm                Conj/Ice       #.......     100%        4    #####..
 Ice Form                 Ice/Tmut       #.......     100%        4    #####..
 Iskenderun's Mystic Bla  Conj/Tloc      #.......     100%        4    #####..
 Leda's Liquefaction      Hex/Erth       #.........   100%        4    #####..
 Petrify                  Tmut/Erth      #.......     100%        4    #####..
 Sticky Flame             Conj/Fire      #.......     100%        4    #####..
 Summon Ice Beast         Ice/Summ       #.......     100%        4    #####..
 Summon Lightning Spire   Summ/Air       #.......     100%        4    #####..
 Agony                    Necr           #.......     100%        5    ######.
 Alistair's Intoxication  Tmut/Pois      #.......     100%        5    ######.
 Aura of Abjuration       Summ           #.........   100%        5    ######.
 Blade Hands              Tmut           #.........   100%        5    ######.
 Bolt of Magma            Conj/Fire/Erth #.........   100%        5    ######.
 Borgnjor's Vile Clutch   Necr/Erth      #.........   100%        5    ######.
 Fireball                 Conj/Fire      #.........   100%        5    ######.
 Irradiate                Conj/Tmut      #.........   100%        5    ######.
 Iskenderun's Battlesphe  Conj/Chrm      #.......     100%        5    ######.
 Lightning Bolt           Conj/Air       #.........   100%        5    ######.
 Metabolic Englaciation   Hex/Ice        #.........   100%        5    ######.
 Silence                  Hex/Air        #.........   100%        5    ######.
 Summon Mana Viper        Hex/Summ       #.......     100%        5    ######.
 Yara's Violent Unravell  Hex/Tmut       #.........   100%        5    ######.
 Conjure Ball Lightning   Conj/Air       #.........   100%        6    #######
 Darkness                 Hex            #.........   100%        6    #######
 Deflect Missiles         Chrm/Air       #.........   100%        6    #######
 Dispersal                Tloc           #.........   100%        6    #######
 Eringya's Noxious Bog    Tmut/Pois      #.........   100%        6    #######
 Freezing Cloud           Conj/Ice/Air   #.........   100%        6    #######
 Iron Shot                Conj/Erth      #.........   100%        6    #######
 Ozocubu's Refrigeration  Ice            #.........   100%        6    #######
 Shadow Creatures         Summ           N/A          100%        6    #######
 Simulacrum               Ice/Necr       #.........   100%        6    #######
 Starburst                Conj/Fire      #.........   100%        6    #######
 Dragon Form              Tmut           #.........   100%        7    #######
 Haunt                    Necr/Summ      #.........   100%        7    #######
 Malign Gateway           Summ/Tloc      #.........   100%        7    #######
 Orb of Destruction       Conj           #.........   100%        7    #######
 Ring of Flames           Chrm/Fire      #.........   100%        7    #######
 Spellforged Servitor     Conj/Summ      #.........   100%        7    #######
 Summon Hydra             Summ           #.........   100%        7    #######
 Borgnjor's Revivificati  Necr           #.........   100%        8    #######
 Controlled Blink         Tloc           N/A          100%        8    #######
 Death's Door             Chrm/Necr      #.........   100%        8    #######
 Disjunction              Tloc           #.........   100%        8    #######
 Ignition                 Fire           #.........   100%        8    #######
 Infestation              Necr           #.........   100%        8    #######
 Necromutation            Tmut/Necr      #.........   100%        8    #######
 Dragon's Call            Summ           #.........   100%        9    #######
 Tornado                  Air            #.........   100%        9    #######
 Passage of Golubria      Tloc           Unusable     N/A         4    N/A

Dungeon Overview and Level Annotations

Branches:
Dungeon (15/15)            Temple (0/1) D:6            Lair (6/6) D:10
  Swamp (4/4) Lair:4        Snake (4/4) Lair:2        Slime (5/5) Lair:5
    Orc (2/2) D:9             Elf (3/3) Orc:2        Vaults (4/5) D:13
  Crypt (0/3) Vaults:3     Depths (5/5) D:15            Zot (5/5) Depths:5
 Bailey (visited)         Desolation (visited)

Altars:
Gozag
Hepliaklqana
Kikubaaqudgha
Okawaru
Ru
Sif Muna
Wu Jian
Xom
Yredelemnul
Zin
Beogh
Jiyva
Lugonu

Shops:
D:11 }   D:13 *   Orc:1 (   Orc:2 *(*!   Elf:2 %   Snake:1 *   Snake:4 :
Depths:5 :

Portals:
Hell: Depths:1 Depths:2 Depths:3 Depths:4 Depths:5
Abyss: Orc:1 Depths:3 Depths:4
Pandemonium: Depths:2 Depths:3
Ziggurat: Depths:2

Annotations:
Elf:2 2 transporters, 3 runed translucent doors, Senaowesu's ghost, journeyman SpGl


Innate Abilities, Weirdness & Mutations

You are too large for most types of armour.
You have claws for hands.
Your metabolism is lightning-fast.
You like to eat raw meat.
Your natural rate of healing is unusually fast.
You are covered in fur. (AC +1)
You have extremely tough skin. (AC +3)
You tend to lose your temper in combat.
You are clumsy. (Dex -2)
You are resistant to hostile enchantments. (MR+)
You are robust. (+10% HP)


Message History

(V) Vaults (C) Crypt (U) Depths (H) Hell (Z) Zot
Where to? (Enter - D:1 @ (x,y), ? - help)
What level of the Dungeon? (default 1, ? - help)
There is a stone staircase leading up here.
You climb upwards.
There is a stone staircase leading down here.
Magic restored.
You see here an arbalest.
There is a stone staircase leading up here.
You climb upwards.
There is a stone staircase leading down here.
There is a stone staircase leading up here.
You climb upwards.
There is a stone staircase leading down here.
A smoke demon comes into view.
You can't go up here!
You scratch the smoke demon. Your headbutt misses the smoke demon.
The smoke demon is lightly wounded.
You mangle the smoke demon!! You headbutt the smoke demon.
The smoke demon is almost dead.
The smoke demon gestures at you. The sticky flame misses you.
You eviscerate the smoke demon!!!
You kill the smoke demon!
Okawaru accepts your kill.
(D) Dungeon (T) Temple (L) Lair (S) Swamp (P) Snake Pit (M) Slime Pits (O) Orcish Mines (E) Elven Halls (V) Vaults (C) Crypt (U) Depths (H) Hell (Z) Zot
Where to? (Enter - D:1 @ (x,y), ? - help)
There is an open door here.
A chaos spawn and a pandemonium lord come into view.
Unknown command.
Press: ? - help, v - describe, . - travel
Here: Duimm The floor.
The chaos spawn hisses angrily.
Duimm moves out of view.
You feel yourself speed up. Duimm gestures at you.
The freezing blast engulfs you. You resist.
You are engulfed in freezing vapours.
You resist.
You are engulfed in freezing vapours.
You resist.
You are engulfed in freezing vapours.
You resist.
There is a stone staircase leading up here.
You are engulfed in freezing vapours.
You resist.
You climb upwards.
There is a stone staircase leading down here.
(D) Dungeon (T) Temple (L) Lair (S) Swamp (P) Snake Pit (M) Slime Pits (O) Orcish Mines (E) Elven Halls (V) Vaults (C) Crypt (U) Depths (H) Hell (Z) Zot
Where to? (Enter - D:1 @ (x,y), ? - help)
What level of the Dungeon? (default 1, ? - help)
Things that are here:
a +0 leather armour; a +0 club
There is a stone staircase leading up here.
HP restored.
You climb upwards.
There is a stone staircase leading down here.
There is a stone staircase leading up here.
You climb upwards.
There is a stone staircase leading down here.
There is a stone staircase leading up here.
You climb upwards.
There is a stone staircase leading down here.
You see here a +0 club.
Your magical contamination has completely faded away.
There is an open door, spattered with blood here.
Items here: ( )))) [ Your extra speed is starting to run out.
There is a stone staircase leading up here.
You climb upwards.
There is a stone staircase leading down, spattered with blood here.
You feel yourself slow down.
You see here a +0 dagger.
There is a stone staircase leading up here.
You climb upwards.
There is a stone staircase leading down here.
There is a large open door here.
You see here a +0 short sword.
There is a staircase leading out of the dungeon here.
Unknown command.
Unknown command.
Unknown command.
Really quaff the potion of mutation?
You feel extremely strange.
You regain control of your magic.
The horns on your head shrink away.
Your vision blurs.
You feel robust.
Really quaff the potion of mutation?
You feel extremely strange.
Your vision sharpens.
Your magical essence no longer links to wands of the dungeon.
Your urge to yell lessens.
Your urge to shout disappears.
You feel a little less angry.
You feel resistant to hostile enchantments.
Unknown command.
Unknown command.
You have escaped!

#########.# ######..###.#
........#.# #.......# #.#
.#........# #.####..###.#
.#.####...# #.# #......#
.#.# #...# #.# #.##.###
.#.# #.).# #.# #.##.# .#.#
##..# ### ##...#
##.######## ###########
........#######.@..######
##.#######>_≈≈'.)..'≈≈≈>#
##.# ########....#######
...# #....♣♣#....#♣♣♣♣.#
########..##.♣#''#'#....##
..........##............#
#########.#######.##..###
#.# #.###.# #.# #.# #.#


There were no monsters in sight!

Vanquished Creatures
  the Royal Jelly (Slime:5)
  3 orbs of fire (Zot:5)
  Mennas (Vaults:2)
  Mara (Snake:3)
  5 ancient liches (Zot:5)
  2 juggernauts
  Bai Suzhen (Swamp:3)
  4 Killer Klowns (Zot:5)
  Saint Roka (Vaults:2)
  Xtahua (Vaults:2)
  4 curse toes
  4 golden dragons
  3 bone dragons
  2 liches
  4 electric golems
  11 tentacled monstrosities
  Jorgrun (D:15)
  A titan (Vaults:3)
  25 Orb Guardians
  Gastronok (Lair:2)
  2 deep elf master archers (Elf:3)
  13 acid blobs
  Frances (Swamp:1)
  3 deep elf blademasters (Elf:3)
  4 quicksilver dragons
  The ghost of Ilaxibre the Geomancer, an adept FoEE of Dithmenos (Swamp:2)
  A tengu reaver (Depths:3)
  3 sphinxes
  Kirke (D:15)
  8 death cobs
  5 shadow dragons
  3 thorn hunters
  4 azure jellies
  Donald (Snake:1)
  7 draconian monks
  7 frost giants
  9 nagarajas
  10 storm dragons
  5 fire giants
  4 imperial myrmidons (Desolation)
  12 draconian knights
  4 draconian scorchers
  4 ghost moths
  8 vault wardens
  4 orc warlords
  Aizul (Snake:1)
  A balrug (Depths:1)
  5 deep elf sorcerers (Elf:3)
  4 deep elf elementalists (Elf:3)
  6 draconian stormcallers
  7 ironheart preservers
  A spriggan defender (Depths:3)
  6 war gargoyles (Depths:4)
  6 draconian annihilators
  8 draconian shifters
  42 very ugly things
  An entropy weaver (shapeshifter) (Depths:4)
  Azrael (Snake:1)
  2 vampire knights
  2 deep elf demonologists
  6 entropy weavers
  15 red draconians
  2 halazid warlocks (Desolation)
  2 dire elephants (Lair:6)
  6 spark wasps
  19 purple draconians
  16 stone giants
  A dire elephant (shapeshifter) (Depths:4)
  12 green draconians
  6 deep elf annihilators (Elf:3)
  18 yellow draconians
  A minotaur (shapeshifter) (Depths:4)
  20 black draconians
  19 white draconians
  10 deep elf death magi
  10 ettins
  2 blizzard demons (Depths:4)
  A merfolk javelineer (Depths:5)
  The ghost of DOPEyDwarf the Quickloader, a journeyman DsHu of Okawaru (Lair:4)
  An ettin (shapeshifter) (Depths:4)
  8 death oozes
  A green death (Zot:1)
  14 crystal guardians
  3 jiangshi (Depths:3)
  4 deep elf high priests
  A shock serpent (Snake:3)
  14 ogre magi
  7 great orbs of eyes
  8 fire dragons
  3 ragged hierophants (Desolation)
  2 rakshasas
  12 yaktaur captains
  5 vault guards (Vaults:4)
  12 ice dragons
  9 servants of whispers (Desolation)
  Fannar (Lair:3)
  The ghost of Inallewi the Unseen, a journeyman SpSk of Hepliaklqana (Orc:1)
  Harold (D:11)
  5 peacekeepers (Desolation)
  17 naga warriors
  7 ghost crabs
  9 anacondas
  15 hydras
  An ice dragon (shapeshifter) (Depths:3)
  6 spriggan air magi
  2 monstrous demonspawn (Depths:2)
  Erica (D:9)
  A merfolk avatar (Lair:6)
  11 centaur warriors
  16 dancing weapons
  52 two-headed ogres
  17 alligators
  4 death knights
  6 death yaks
  A satyr (shapeshifter) (Depths:4)
  2 deep troll shamans
  7 deep troll earth magi
  9 tengu warriors
  2 thrashing horrors
  2 spriggan berserkers (Depths:5)
  2 vampire magi (Depths:3)
  2 sun demons (Depths:1)
  16 naga sharpshooters
  8 hell knights
  18 deep elf knights
  Sonja (Lair:2)
  A shadow wraith (Vaults:2)
  2 infernal demonspawn (Depths:2)
  4 fire crabs (Lair:4)
  A wretched star (Abyss:1)
  A spriggan druid (Swamp:4)
  A death drake (shapeshifter) (Orc:1)
  9 sea snakes (Snake:4)
  A skeletal warrior (Vaults:3)
  2 iron trolls (Depths:1)
  A death drake (Swamp:4)
  4 glowing orange brains
  A salamander mystic (Snake:4)
  A shadow demon (Depths:2)
  2 unseen horrors
  A flayed ghost (Depths:5)
  15 deep trolls
  6 wizards
  An unseen horror (shapeshifter) (Depths:5)
  A spectral hydra (Swamp:4)
  A glowing orange brain (shapeshifter) (Vaults:3)
  A swamp dragon (shapeshifter) (Depths:2)
  13 deep elf archers
  An orange crystal statue (Elf:1)
  6 naga ritualists
  3 obsidian statues (Depths:4)
  4 swamp dragons
  A lindwurm (Lair:6)
  14 ironbrand convokers
  3 phantasmal warriors (Swamp:4)
  20 orc knights
  11 necromancers
  2 orc sorcerers (Orc:2)
  11 mana vipers
  52 deep elf magi
  A manticore (Lair:6)
  46 ugly things
  6 cyclopes
  A shining eye (Slime:4)
  3 wolf spiders
  8 salamanders
  A salamander (shapeshifter) (Depths:3)
  14 moths of wrath
  26 black mambas
  A frost giant zombie (Vaults:4)
  An elephant (shapeshifter) (Vaults:1)
  16 vault sentinels
  2 centaur zombies
  An apocalypse crab (Lair:4)
  A water nymph (shapeshifter) (Depths:1)
  10 elephants
  A rust devil (Abyss:1)
  A torpor snail (Lair:3)
  A guardian serpent (shapeshifter) (Depths:4)
  A smoke demon (D:7)
  4 molten gargoyles (Depths:4)
  7 gargoyles
  13 naga magi
  11 guardian serpents
  2 eyes of devastation
  A storm dragon simulacrum (Vaults:4)
  20 spiny frogs
  9 kobold demonologists
  A spiny frog (shapeshifter) (Vaults:4)
  2 hellions (Zot:3)
  8 komodo dragons
  3 efreet (Zot:3)
  A yaktaur zombie (Vaults:3)
  3 swamp worm zombies (Swamp:4)
  4 rime drakes
  4 freezing wraiths
  The ghost of Zorot the Skirmisher, an amateur NaMo (D:4)
  3 tengu conjurers
  58 yaktaurs
  A merfolk (shapeshifter) (Vaults:1)
  A troll (shapeshifter) (Depths:4)
  22 trolls
  3 hydra zombies (Swamp:4)
  A jumping spider (Vaults:4)
  2 polar bears (Lair:6)
  4 raiju
  An ancient zyme (Orc:1)
  4 wind drakes
  A queen bee (shapeshifter) (Depths:4)
  Prince Ribbit (D:7)
  46 saltlings (Desolation)
  84 slime creatures
  A wind drake (shapeshifter) (Depths:4)
  8 hornets
  A stone giant simulacrum (Vaults:3)
  11 tyrant leeches
  5 alligator zombies (Swamp:4)
  9 bog bodies
  A raiju (shapeshifter) (D:15)
  A dream sheep (Lair:4)
  3 small abominations
  13 blink frogs
  6 hippogriffs
  A shadow (D:15)
  A flying skull (Abyss:1)
  5 spectral swamp dragons (Swamp:4)
  A centaur simulacrum (D:15)
  A tarantella (shapeshifter) (Depths:2)
  3 vampires
  4 spriggans (Swamp:1)
  7 air elementals
  3 wyverns
  Sigmund (D:2)
  2 redbacks (shapeshifter)
  3 redbacks
  16 water elementals
  A basilisk (shapeshifter) (Vaults:3)
  7 wraiths
  A hog (shapeshifter) (Depths:4)
  3 hogs (D:15)
  24 yaks
  A basilisk (Lair:6)
  A fire bat (shapeshifter) (Depths:2)
  10 fire elementals
  8 large abominations
  27 vampire mosquitoes
  5 golden eyes (Slime:3)
  2 hungry ghosts (D:15)
  A human simulacrum (Vaults:1)
  A steam dragon (D:13)
  22 insubstantial wisps
  A chaos spawn (Abyss:1)
  48 nagas
  A soldier ant (shapeshifter) (Vaults:1)
  15 swamp worms
  11 wargs
  4 acid dragons
  An acid dragon (shapeshifter) (Depths:2)
  13 water moccasins
  2 floating eyes
  3 hell hounds (Snake:1)
  A floating eye (shapeshifter) (Depths:4)
  15 porcupines
  A water moccasin (shapeshifter) (Vaults:1)
  3 black bears
  54 orc warriors
  A deep troll skeleton (Vaults:3)
  A sky beast (shapeshifter) (Elf:2)
  An ice beast (shapeshifter) (Depths:1)
  2 hornet zombies
  5 sky beasts
  A black bear (shapeshifter) (Depths:4)
  7 swamp drakes
  6 boggarts
  3 ice beasts
  5 eyes of draining
  4 swamp dragon zombies (Swamp:4)
  21 wolves
  11 phantoms
  48 ogres
  A necrophage (D:11)
  A boggart (shapeshifter) (Vaults:3)
  16 centaurs
  14 crocodiles
  A big kobold (D:7)
  3 elf zombies (Elf:1)
  10 earth elementals
  21 bullfrogs
  8 scorpions
  16 killer bees
  3 wights (D:9)
  3 howler monkeys
  2 electric eels (Elf:3)
  10 crimson imps
  A bullfrog zombie (D:7)
  3 gnoll shamans
  A quasit (D:13)
  4 jellies
  33 orc wizards
  23 orc priests
  5 hounds
  2 iron imps
  2 bullfrog skeletons
  6 centaur skeletons
  5 iguanas
  2 spectral swamp drakes (Swamp:4)
  11 worker ants
  2 hound skeletons
  A hound zombie (D:8)
  Robin (D:3)
  15 gnolls
  10 adders
  3 shadow imps
  A white imp (Abyss:1)
  An adder zombie (D:9)
  An adder skeleton (D:4)
  3 worms
  A ball lightning (Depths:4)
  2 dart slugs
  A leopard gecko (D:7)
  159 orcs
  4 giant cockroaches
  19 goblins
  9 hobgoblins
  14 jackals
  6 quokkas
  7 bats
  6 frilled lizards
  A jackal zombie (D:8)
  22 kobolds
  2 quokka skeletons
  3 rats
  2 briar patches
  A fungus (Lair:6)
2487 creatures vanquished.

Vanquished Creatures (collateral kills)
  Vashnia (Snake:3)
  Jory (Vaults:4)
  Agnes (Snake:1)
  A naga sharpshooter (Snake:3)
  A shock serpent (Snake:4)
  A naga ritualist (Snake:3)
  A cyclops (Vaults:2)
  A mana viper (Snake:4)
  A fire giant zombie (Vaults:4)
  A moth of wrath (Zot:1)
  2 nagas (Snake:4)
12 creatures vanquished.

Vanquished Creatures (others)
  Asterion (Depths:2)
  A death cob (Zot:1)
  A draconian knight (Zot:2)
  A fire giant (Depths:2)
  A ragged hierophant (Desolation)
  3 anacondas
  2 dancing weapons (Depths:4)
  A shock serpent (Snake:3)
  A sea snake (Snake:4)
  A glowing orange brain (Depths:4)
  A saltling (Desolation)
  2 air elementals (Depths:4)
  3 humans (D:15)
  A water elemental (Depths:4)
  An ogre (Vaults:1)
  9 ball lightnings (Depths:4)
  2 briar patches (Swamp:4)
  2 fire vortices (Lair:6)
  13 fungi
  13 plants
60 creatures vanquished.

Grand Total: 2559 creatures vanquished

Notes
Turn   | Place    | Note
-------+----------+-------------------------------------------
     0 | D:1      | magipi the Troll Artificer began the quest for the Orb.
     0 | D:1      | Reached XP level 1. HP: 18/18 MP: 1/1
     3 | D:1      | Found a basalt altar of Yredelemnul.
   422 | D:1      | Reached skill level 1 in Fighting
   448 | D:1      | Reached XP level 2. HP: 20/27 MP: 2/2
   457 | D:1      | Reached skill level 1 in Unarmed Combat
   757 | D:2      | Reached XP level 3. HP: 33/33 MP: 3/3
   858 | D:2      | Reached skill level 2 in Unarmed Combat
   963 | D:2      | Found a glowing silver altar of Zin.
   993 | D:2      | Noticed Sigmund
  1089 | D:2      | Reached XP level 4. HP: 19/41 MP: 4/4
  1557 | D:3      | Reached XP level 5. HP: 49/49 MP: 6/6
  1740 | D:3      | Noticed Robin
  1761 | D:3      | Killed Robin
  1770 | D:3      | Reached skill level 1 in Throwing
  1810 | D:3      | Found a hazy altar of Hepliaklqana.
  2025 | D:3      | Noticed an ogre
  2040 | D:3      | Killed an ogre
  2040 | D:3      | Reached skill level 3 in Unarmed Combat
  2173 | D:3      | Found a faded altar of an unknown god.
  2324 | D:4      | Reached XP level 6. HP: 57/57 MP: 7/7
  2572 | D:4      | Found a transporter.
  2578 | D:4      | Found a transporter.
  2658 | D:4      | Found Feak's Lightly-Used Armoury.
  3019 | D:5      | Entered Level 5 of the Dungeon
  3022 | D:5      | Found an opulent altar of Gozag.
  3077 | D:5      | Found an ancient bone altar of Kikubaaqudgha.
  3422 | D:5      | Reached skill level 4 in Unarmed Combat
  3584 | D:5      | Reached XP level 7. HP: 65/66 MP: 8/8
  4066 | D:6      | Reached skill level 5 in Unarmed Combat
  4164 | D:6      | Found an iron altar of Okawaru.
  4176 | D:6      | Reached XP level 8. HP: 69/75 MP: 9/9
  4196 | D:6      | Became a worshipper of Warmaster Okawaru
  4246 | D:6      | Found an ornate altar of the Wu Jian Council.
  4320 | D:6      | Found a staircase to the Ecumenical Temple.
  4749 | D:7      | Reached * piety under Okawaru
  4749 | D:7      | Reached skill level 6 in Unarmed Combat
  4756 | D:7      | Got an opalescent robe
  5190 | D:7      | Reached XP level 9. HP: 71/84 MP: 11/11
  5214 | D:7      | Found an iron altar of Okawaru.
  5221 | D:7      | Reached ** piety under Okawaru
  5266 | D:7      | Reached skill level 7 in Unarmed Combat
  5275 | D:7      | Noticed Prince Ribbit
  5280 | D:7      | Killed Prince Ribbit
  5415 | D:3      | Identified the cursed +1 robe of the Good {Int+2} (You
                  | found it on level 7 of the Dungeon)
  5777 | D:7      | Found a sacrificial altar of Ru.
  5788 | D:7      | Reached *** piety under Okawaru
  5799 | D:7      | Reached skill level 8 in Unarmed Combat
  5907 | D:8      | Received a gift from Okawaru
  5948 | D:8      | Reached skill level 5 in Dodging
  6007 | D:8      | Reached skill level 5 in Evocations
  6025 | D:8      | Reached skill level 5 in Throwing
  6027 | D:8      | Reached XP level 10. HP: 82/94 MP: 12/12
  6199 | D:8      | Found a shimmering blue altar of Sif Muna.
  6349 | D:8      | Reached skill level 5 in Fighting
  6678 | D:9      | Found a staircase to the Orcish Mines.
  6683 | D:9      | Reached **** piety under Okawaru
  6846 | D:9      | Reached skill level 9 in Unarmed Combat
  6873 | D:9      | Noticed Erica
  6878 | D:9      | Killed Erica
  6878 | D:9      | Reached skill level 1 in Armour
  7086 | D:9      | Received a gift from Okawaru
  7086 | D:9      | Reached skill level 1 in Invocations
  7521 | D:10     | Entered Level 10 of the Dungeon
  7669 | D:10     | Received a gift from Okawaru
  7832 | D:10     | Reached ***** piety under Okawaru
  8247 | D:10     | Found a staircase to the Lair.
  8269 | D:10     | Reached XP level 11. HP: 104/104 MP: 14/14
  8356 | D:9      | Noticed a two-headed ogre
  8361 | D:9      | Killed a two-headed ogre
  8361 | D:9      | Received a gift from Okawaru
  8755 | D:11     | Reached skill level 10 in Unarmed Combat
  8781 | D:11     | Noticed Harold
  8792 | D:11     | Killed Harold
  8953 | D:11     | Noticed a cyan ugly thing
  8960 | D:11     | Killed a cyan ugly thing
  9066 | D:11     | Noticed a sixfirhy
  9066 | D:11     | Received a gift from Okawaru
  9071 | D:11     | Noticed a sixfirhy
  9126 | D:11     | Found Riubil's Gadget Emporium.
  9684 | Lair:1   | Entered Level 1 of the Lair of Beasts
  9704 | Lair:1   | Received a gift from Okawaru
  9776 | Lair:1   | Received a gift from Okawaru
  9779 | Lair:1   | Got a jewelled kite shield {god gift}
  9844 | D:10     | Identified the -5 kite shield of the Forgotten Moons {rPois
                  | Regen+ Dex+4} (Okawaru gifted it to you on level 1 of the
                  | Lair of Beasts)
 10119 | Lair:1   | Reached XP level 12. HP: 91/115 MP: 12/15
 10326 | Lair:1   | Identified a scroll of acquirement
 10326 | Lair:1   | Identified the +3 kite shield "Ditento" {rCorr Int+2 SInv
                  | Stlth+} (You acquired it on level 1 of the Lair of Beasts)
 10326 | Lair:1   | Identified the +6 short sword "Troll's Doom" {venom, Dex+4}
                  | (You acquired it on level 1 of the Lair of Beasts)
 10375 | Lair:1   | Reached skill level 1 in Shields
 10452 | Lair:1   | Reached skill level 11 in Unarmed Combat
 10897 | Lair:2   | Found a staircase to the Snake Pit.
 11096 | Lair:2   | Noticed Sonja
 11099 | Lair:2   | Killed Sonja
 11202 | Lair:2   | Noticed Gastronok
 11364 | Lair:3   | Found a frozen archway.
 11380 | Lair:3   | Noticed Fannar
 11405 | Lair:2   | Killed Gastronok
 11574 | Lair:3   | Reached ****** piety under Okawaru
 11633 | Lair:3   | Received a gift from Okawaru
 11968 | Lair:3   | Killed Fannar
 12105 | Lair:3   | Reached XP level 13. HP: 110/124 MP: 17/17
 12141 | Lair:4   | Received a gift from Okawaru
 12200 | Lair:4   | Received a gift from Okawaru
 12335 | Lair:4   | Identified the +4 kite shield of Sekko {*Contam rElec rF++
                  | MP+9} (Okawaru gifted it to you on level 4 of the Lair of
                  | Beasts)
 12423 | Lair:4   | Reached skill level 5 in Armour
 12616 | Lair:4   | Found a staircase to the Swamp.
 12639 | Lair:4   | Found a transporter.
 12650 | Lair:4   | Found a transporter.
 12653 | Lair:4   | Noticed DOPEyDwarf's ghost (journeyman DsHu)
 12835 | Lair:4   | Found a basalt altar of Yredelemnul.
 12835 | Lair:4   | Found a runed translucent door.
 13289 | Lair:5   | Reached skill level 5 in Shields
 13417 | Lair:5   | Found a staircase to the Slime Pits.
 13434 | Lair:5   | Found a viscous altar of Jiyva.
 13811 | Lair:6   | Entered Level 6 of the Lair of Beasts
 13948 | Lair:6   | Received a gift from Okawaru
 14290 | Lair:6   | Noticed a dire elephant
 14313 | Lair:6   | Killed a dire elephant
 14313 | Lair:6   | Reached skill level 12 in Unarmed Combat
 14481 | Lair:6   | Noticed a dire elephant
 14504 | Lair:6   | Killed a dire elephant
 14504 | Lair:6   | Reached XP level 14. HP: 129/135 MP: 15/18
 14565 | Lair:6   | Received a gift from Okawaru
 14809 | Orc:1    | Entered Level 1 of the Orcish Mines
 14933 | Orc:1    | Found Loubbes's Weapon Boutique.
 14955 | Orc:1    | Found a one-way gate to the infinite horrors of the Abyss.
 14955 | Orc:1    | Noticed Inallewi's ghost (journeyman SpSk)
 15035 | Orc:1    | Received a gift from Okawaru
 15072 | Orc:1    | Found a transporter.
 15073 | Orc:1    | Found a transporter.
 15120 | Orc:1    | Identified the cursed +1 demon whip "Zueho" {distort, *Slow
                  | rPois SInv}
 15120 | Orc:1    | Noticed an orc warlord
 15215 | Orc:2    | Entered Level 2 of the Orcish Mines
 15215 | Orc:2    | Found a roughly hewn altar of Beogh.
 15442 | Orc:2    | Found a staircase to the Elven Halls.
 15444 | Orc:2    | Cast into level 1 of the Abyss (orc warrior)
 15553 | Abyss:1  | Found a corrupted altar of Lugonu.
 15830 | Abyss:1  | Noticed a bone dragon
 15855 | Orc:2    | Escaped the Abyss
 15901 | Orc:2    | Received a gift from Okawaru
 16082 | Orc:1    | Received a gift from Okawaru
 16312 | Orc:2    | Received a gift from Okawaru
 16395 | Orc:2    | Found Xidyojy's General Store.
 16642 | Orc:2    | Found Wigok's Antique Weapon Shop.
 16647 | Orc:2    | Found Orhuh's General Store.
 16658 | Orc:2    | Found Hegiaf's Distillery.
 16661 | Orc:2    | Bought a wand of acid (14) for 504 gold pieces
 16666 | Orc:2    | Bought a potion of brilliance for 64 gold pieces
 16666 | Orc:2    | Bought a potion of heal wounds for 80 gold pieces
 16666 | Orc:2    | Bought a potion of curing for 48 gold pieces
 16666 | Orc:2    | Bought a potion of curing for 48 gold pieces
 16666 | Orc:2    | Bought 2 potions of haste for 320 gold pieces
 16666 | Orc:2    | Bought a potion of might for 64 gold pieces
 16701 | Orc:2    | Paralysed by an ogre mage for 6 turns
 16763 | Orc:2    | Paralysed by an orc sorcerer for 3 turns
 16795 | Orc:2    | Noticed an orc warlord
 16833 | Orc:2    | Killed an orc warlord
 16901 | Orc:2    | Noticed an orc warlord
 16948 | Orc:2    | Killed an orc warlord
 17372 | Orc:2    | Noticed an orc warlord
 17407 | Orc:2    | Reached XP level 15. HP: 108/145 MP: 18/20
 17429 | Orc:2    | Killed an orc warlord
 17511 | Orc:2    | Identified the Collected Works on Flying Transformation
 17528 | Orc:2    | Found the +4 dagger "Morg" {pain, MR+ Int+5}
 17918 | D:12     | Received a gift from Okawaru
 18573 | D:12     | Found a shimmering altar of Xom.
 18731 | D:13     | Found a flagged portal.
 18772 | Bailey   | Entered a bailey
 19012 | Bailey   | Received a gift from Okawaru
 19548 | D:13     | Found Tiamic's Mayhem Merchandise.
 19583 | D:13     | Reached skill level 5 in Invocations
 19583 | D:13     | Reached XP level 16. HP: 153/154 MP: 21/21
 19650 | D:13     | Found a gate to the Vaults.
 20482 | D:14     | Received a gift from Okawaru
 20657 | D:14     | Reached skill level 10 in Throwing
 20795 | D:15     | Entered Level 15 of the Dungeon
 20943 | D:15     | Reached skill level 13 in Unarmed Combat
 21070 | D:15     | Received a gift from Okawaru
 21266 | D:15     | Found a staircase to the Depths.
 21459 | D:15     | Noticed Kirke
 21483 | D:15     | Killed Kirke
 21509 | D:15     | Noticed Jorgrun
 21530 | D:15     | Killed Jorgrun
 21733 | D:15     | Reached XP level 17. HP: 163/163 MP: 22/22
 22237 | D:2      | Found a glowing silver altar of Zin.
 22449 | D:2      | Killed Sigmund
 22635 | D:4      | Noticed Zorot's ghost (amateur NaMo)
 22653 | D:4      | Killed Zorot's ghost
 22964 | Snake:1  | Entered Level 1 of the Snake Pit
 22964 | Snake:1  | Found Melihol's Assorted Antiques.
 22971 | Snake:1  | Bought a wand of digging (7) for 216 gold pieces
 22971 | Snake:1  | Bought a scroll of teleportation for 81 gold pieces
 22971 | Snake:1  | Bought a wand of paralysis (7) for 54 gold pieces
 22971 | Snake:1  | Bought a scroll of identify for 54 gold pieces
 22971 | Snake:1  | Bought a wand of paralysis (9) for 54 gold pieces
 22977 | Snake:1  | Noticed Agnes
 22991 | Snake:1  | Killed Agnes
 23055 | Snake:1  | Received a gift from Okawaru
 23629 | Snake:1  | Noticed Donald
 23645 | Snake:1  | Killed Donald
 23737 | Snake:1  | You fall into a shaft and drop 1 floor!
 23738 | Snake:2  | Noticed Aizul
 23772 | Snake:1  | Killed Aizul
 23772 | Snake:1  | Reached skill level 10 in Fighting
 24264 | Snake:1  | Noticed Azrael
 24298 | Snake:1  | Killed Azrael
 24593 | Snake:2  | Received a gift from Okawaru
 24933 | Snake:2  | Reached skill level 10 in Dodging
 25238 | Snake:2  | Identified the ring "Qiex Afevok" {MP+9 Str-5 Dex+4 SInv}
 25660 | Snake:2  | Received a gift from Okawaru
 25890 | Snake:3  | Noticed Mara
 26035 | Snake:3  | Noticed magipi's illusion
 26036 | Snake:3  | Killed Mara
 26096 | Snake:3  | Noticed Vashnia
 26119 | Snake:3  | Killed Vashnia
 26458 | Snake:3  | Reached XP level 18. HP: 176/176 MP: 24/24
 26980 | Snake:3  | Reached skill level 14 in Unarmed Combat
 27239 | Snake:4  | Entered Level 4 of the Snake Pit
 27241 | Snake:4  | Found Behi's Book Shoppe.
 27998 | Snake:3  | Reached skill level 10 in Evocations
 28098 | Snake:4  | Received a gift from Okawaru
 28098 | Snake:4  | Reached skill level 10 in Armour
 28101 | Snake:4  | Reached XP level 19. HP: 176/187 MP: 25/25
 28426 | Snake:4  | Received a gift from Okawaru
 29277 | Snake:4  | Received a gift from Okawaru
 29530 | Snake:4  | Received a gift from Okawaru
 30021 | Snake:4  | Got a serpentine rune of Zot
 30417 | Elf:1    | Entered Level 1 of the Elven Halls
 30584 | Elf:1    | Received a gift from Okawaru
 30703 | Elf:1    | Identified Kikubaaqudgha's Almanac of Black Arts
 30922 | Elf:1    | Received a gift from Okawaru
 32059 | Elf:2    | Found a transporter.
 32064 | Elf:2    | Noticed Senaowesu's ghost (journeyman SpGl)
 32095 | Elf:2    | Found a transporter.
 32113 | Elf:2    | Identified the +5 dagger "Ofocw" {vorpal, +Fly rF+ Str+5}
 32308 | Elf:2    | Received a gift from Okawaru
 32661 | Elf:2    | Found Igeuw's Food Emporium.
 32744 | Elf:2    | Found a runed translucent gate.
 32744 | Elf:2    | Found a runed translucent gate.
 32744 | Elf:2    | Found a runed translucent gate.
 32891 | Elf:3    | Entered Level 3 of the Elven Halls
 33515 | Elf:3    | Reached XP level 20. HP: 182/201 MP: 27/27
 33785 | Elf:3    | Identified the cursed +1 hand axe of the Illusory Realms
                  | {vorpal, rPois rN++ MR+ Dex-2}
 33785 | Elf:3    | Identified the ring of Tissic {+Fly rC- Int+3 Dex+2 Stlth+}
 33812 | Elf:3    | Reached skill level 15 in Unarmed Combat
 34024 | Elf:3    | Identified the +12 battleaxe "Ymen" {freeze, *Contam Str+5
                  | Stlth+}
 34282 | Elf:3    | Identified the cursed +0 scale mail of Wuobbiaj {rC+ Str+4}
 34362 | Elf:3    | Received a gift from Okawaru
 34663 | Elf:3    | Received a gift from Okawaru
 34817 | Elf:3    | Identified the +4 dagger "Jellyslayer" {drain, +Rage rF-
                  | Str+5}
 34872 | Elf:3    | Received a gift from Okawaru
 34887 | Elf:3    | Gained mutation: Scrolls take you a little longer to read.
                  | [mutagenic glow]
 35242 | Elf:3    | Identified the Collected Works on the Gliding Escort
 35449 | Orc:2    | Bought a potion of mutation for 128 gold pieces
 35450 | Orc:2    | Lost mutation: Scrolls take you a little longer to read.
                  | [potion of mutation]
 35450 | Orc:2    | Gained mutation: You have a pair of small horns on your
                  | head. [potion of mutation]
 35450 | Orc:2    | Gained mutation: You expend magic power (3 MP) to
                  | strengthen your wands. [potion of mutation]
 35450 | Orc:2    | Gained mutation: Your spells are a little harder to cast,
                  | but a little more powerful. [potion of mutation]
 35647 | Swamp:1  | Entered Level 1 of the Swamp
 36056 | Swamp:1  | Noticed Frances
 36328 | Swamp:1  | Killed Frances
 36794 | Swamp:1  | Found a shimmering blue altar of Sif Muna.
 37322 | Swamp:2  | You fall into a shaft and drop 1 floor!
 37699 | Swamp:2  | Found a runed translucent door.
 37704 | Swamp:2  | Noticed Ilaxibre's ghost (adept FoEE)
 38154 | Swamp:3  | Received a gift from Okawaru
 38426 | Swamp:3  | Noticed Bai Suzhen
 38444 | Swamp:3  | Upgraded the game from 0.25-a0-737-g26c3a87c45 to
                  | 0.25-a0-766-g0ecfff5982
 39012 | Swamp:3  | Killed Bai Suzhen
 39012 | Swamp:3  | Received a gift from Okawaru
 39237 | Swamp:3  | Identified the +0 troll leather armour of Subun {Regen+
                  | SInv Stlth+} (Okawaru gifted it to you on level 3 of the
                  | Swamp)
 39258 | Swamp:4  | Entered Level 4 of the Swamp
 39612 | Swamp:4  | Reached XP level 21. HP: 213/213 MP: 28/28
 41443 | Swamp:4  | Got a decaying rune of Zot
 41794 | Vaults:1 | Entered Level 1 of the Vaults
 41874 | Vaults:1 | Received a gift from Okawaru
 42099 | Vaults:1 | Reached skill level 16 in Unarmed Combat
 43452 | Vaults:2 | Received a gift from Okawaru
 43645 | Vaults:2 | Noticed Saint Roka
 43660 | Vaults:2 | Killed Saint Roka
 43660 | Vaults:2 | Received a gift from Okawaru
 44538 | Vaults:2 | Noticed Xtahua
 44549 | Vaults:2 | Received a gift from Okawaru
 44561 | Vaults:2 | Killed Xtahua
 44561 | Vaults:2 | Reached XP level 22. HP: 167/224 MP: 30/30
 44945 | Orc:2    | Bought a scroll of enchant armour for 105 gold pieces
 44952 | Orc:2    | Bought a scroll of enchant armour for 120 gold pieces
 45617 | Vaults:2 | Noticed Mennas
 45648 | Vaults:2 | Killed Mennas
 46448 | Vaults:3 | Found a ruined gateway.
 46470 | Desolati | Entered the Desolation of Salt
 46609 | Desolati | Reached skill level 15 in Fighting
 46730 | Desolati | Identified the Guide on Air and the Escort
 47138 | Desolati | Received a gift from Okawaru
 47180 | Desolati | Got an ancient glass ring
 47181 | Desolati | Identified the ring of Kidghenk {*Tele rElec} (You found it
                  | in the Desolation of Salt)
 47184 | Desolati | Identified the Tome of Ashen Flight
 47189 | Desolati | Identified the Compendium of Icy Transmigration
 47341 | Desolati | Got an ancient lapis lazuli ring
 47342 | Desolati | Identified the ring of Devugug {rC+ Int+5} (You found it in
                  | the Desolation of Salt)
 47369 | Desolati | Got a fine diamond amulet
 47373 | Desolati | Identified the cursed -2 pair of gloves of the Wild Haggis
                  | {*Contam Str+5} (You found it in the Desolation of Salt)
 47374 | Desolati | Identified the amulet of Liuliynu {Acrobat MP+9 Int+6
                  | Stlth-} (You found it in the Desolation of Salt)
 48065 | Vaults:3 | Found a staircase to the Crypt.
 48065 | Vaults:3 | Found a basalt altar of Yredelemnul.
 48081 | Vaults:3 | Found an ancient bone altar of Kikubaaqudgha.
 48245 | Vaults:3 | Received a gift from Okawaru
 48355 | Vaults:3 | Reached skill level 17 in Unarmed Combat
 48913 | Vaults:4 | Received a gift from Okawaru
 49183 | Vaults:4 | Noticed Jory
 49199 | Vaults:4 | Killed Jory
 49496 | Vaults:4 | Received a gift from Okawaru
 49531 | Vaults:4 | Reached XP level 23. HP: 231/235 MP: 31/31
 50373 | Depths:1 | Entered Level 1 of the Depths
 50541 | Depths:1 | Found a gateway to Hell.
 50549 | Depths:1 | Identified the Incunabulum of the Lonely Shrikes
 50666 | Depths:1 | Received a gift from Okawaru
 50691 | Depths:1 | Got a twitching copper ring
 50692 | Depths:1 | Identified the ring "Agocah" {rCorr Int+9 Dex+2} (You found
                  | it on level 1 of the Depths)
 50788 | Depths:1 | Received a gift from Okawaru
 50967 | Depths:1 | Received a gift from Okawaru
 51441 | Depths:1 | Received a gift from Okawaru
 51460 | Depths:1 | Reached skill level 15 in Throwing
 51774 | Depths:2 | Noticed Asterion
 51785 | Depths:2 | Killed Asterion
 52229 | Depths:2 | Found a one-way gate leading to the halls of Pandemonium.
 52304 | Depths:2 | Found a gateway to a ziggurat.
 52620 | Depths:2 | Noticed a juggernaut
 52632 | Depths:2 | Killed a juggernaut
 53066 | Depths:3 | Received a gift from Okawaru
 53112 | Depths:3 | Reached XP level 24. HP: 245/245 MP: 32/32
 53418 | Depths:3 | Found a corrupted altar of Lugonu.
 53695 | Depths:3 | Received a gift from Okawaru
 54314 | Depths:3 | Identified the +9 falchion of Forced Transition {vorpal,
                  | rElec MR+ Dex+2}
 54325 | Depths:3 | Received a gift from Okawaru
 54429 | Depths:3 | Reached skill level 18 in Unarmed Combat
 54457 | Depths:3 | Identified Biyw's Grimoire of Feathers and Fire
 55356 | Depths:4 | Received a gift from Okawaru
 55507 | Depths:4 | Received a gift from Okawaru
 55665 | Depths:4 | Received a gift from Okawaru
 55788 | Depths:4 | Identified the Papyrus of Feathery Battle Magic
 55813 | Depths:4 | Got a slimy granite ring
 55814 | Depths:4 | Identified the ring "Qecil" {+Fly Str+2 Dex+3} (You found
                  | it on level 4 of the Depths)
 56272 | Depths:5 | Entered Level 5 of the Depths
 56969 | Depths:5 | Found a gate to the Realm of Zot.
 57124 | Depths:5 | Reached XP level 25. HP: 242/256 MP: 32/32
 57245 | Depths:5 | Received a gift from Okawaru
 57614 | Depths:5 | Found Vuadigan's Book Shoppe.
 58229 | Slime:1  | Entered Level 1 of the Pits of Slime
 58484 | Slime:5  | Entered Level 5 of the Pits of Slime
 58498 | Slime:5  | Reached skill level 10 in Invocations
 58603 | Slime:5  | Found a viscous altar of Jiyva.
 58603 | Slime:5  | Noticed the Royal Jelly
 58633 | Slime:5  | Killed the Royal Jelly
 58633 | Slime:5  | Reached skill level 15 in Dodging
 59107 | Slime:5  | Got a fine tin ring
 59108 | Slime:5  | Identified the ring "Byahadd" {*Corrode rPois rC++ MR+++
                  | Dex-5} (You found it on level 5 of the Pits of Slime)
 59111 | Slime:5  | Got a slimy rune of Zot
 59436 | D:11     | Bought a wand of enslavement (9) for 154 gold pieces
 59436 | D:11     | Bought a box of beasts for 280 gold pieces
 59436 | D:11     | Bought a phantom mirror for 420 gold pieces
 59606 | Lair:4   | Received a gift from Okawaru
 59614 | Lair:4   | Killed DOPEyDwarf's ghost
 60152 | Swamp:2  | Killed Ilaxibre's ghost
 60450 | Orc:1    | Killed Inallewi's ghost
 60850 | Zot:1    | Entered Level 1 of the Realm of Zot
 61077 | Zot:1    | Noticed a shard shrike
 61099 | Zot:1    | Noticed a juggernaut
 61099 | Zot:1    | a shard shrike changed into a juggernaut
 61122 | Zot:1    | Reached skill level 15 in Armour
 61123 | Zot:1    | Killed a juggernaut
 61123 | Zot:1    | Reached skill level 19 in Unarmed Combat
 61310 | Zot:1    | Received a gift from Okawaru
 61348 | Zot:1    | Received a gift from Okawaru
 61641 | Zot:1    | Reached XP level 26. HP: 246/269 MP: 32/32
 62585 | Zot:2    | Received a gift from Okawaru
 62590 | Zot:2    | Identified the +9 trident "Urof" {antimagic, rElec rPois}
                  | (Okawaru gifted it to you on level 2 of the Realm of Zot)
 63308 | Zot:2    | Received a gift from Okawaru
 64353 | Zot:3    | Received a gift from Okawaru
 65172 | Zot:3    | Reached XP level 27. HP: 279/279 MP: 32/32
 65449 | Zot:4    | Identified the Almanac of the Mountains and Execration
 65477 | Zot:4    | Found a sacrificial altar of Ru.
 65571 | Zot:4    | Received a gift from Okawaru
 65651 | Zot:4    | Identified the +2 scimitar "Qaafaar" {vorpal, *Slow Int+9
                  | Stlth+} (Okawaru gifted it to you on level 4 of the Realm
                  | of Zot)
 65699 | Zot:4    | Reached skill level 20 in Unarmed Combat
 66638 | Zot:5    | Entered Level 5 of the Realm of Zot
 67172 | Zot:5    | Received a gift from Okawaru
 67591 | Zot:5    | Reached skill level 15 in Evocations
 67601 | Zot:5    | Received a gift from Okawaru
 67707 | Zot:5    | Identified the Almanac of Creative Enchantment
 67726 | Zot:5    | Received a gift from Okawaru
 67789 | Zot:5    | Noticed an ancient lich
 67806 | Zot:5    | Killed an ancient lich
 67828 | Zot:5    | Noticed an orb of fire
 67837 | Zot:5    | Gained mutation: You tend to lose your temper in combat.
                  | [an orb of fire]
 67841 | Zot:5    | Gained mutation: You occasionally shout uncontrollably at
                  | your foes. [an orb of fire]
 67843 | Zot:5    | Killed an orb of fire
 67884 | Zot:5    | Noticed an ancient lich
 67900 | Zot:5    | Killed an ancient lich
 68089 | Zot:5    | Received a gift from Okawaru
 68112 | Zot:5    | Noticed an orb of fire
 68119 | Zot:5    | Killed an orb of fire
 68119 | Zot:5    | Received a gift from Okawaru
 68148 | Zot:5    | Noticed an ancient lich
 68148 | Zot:5    | Noticed an ancient lich
 68167 | Zot:5    | Killed an ancient lich
 68179 | Zot:5    | Killed an ancient lich
 69069 | Zot:5    | Noticed an orb of fire
 69069 | Zot:5    | Gained mutation: You sometimes yell uncontrollably at your
                  | foes. [an orb of fire]
 69075 | Zot:5    | Noticed an ancient lich
 69078 | Zot:5    | Gained mutation: You are clumsy. (Dex -2) [an orb of fire]
 69088 | Zot:5    | Gained mutation: You often lose your temper in combat. [an
                  | orb of fire]
 69089 | Zot:5    | Killed an orb of fire
 69089 | Zot:5    | Received a gift from Okawaru
 69105 | Zot:5    | Killed an ancient lich
 69105 | Zot:5    | Received a gift from Okawaru
 69504 | Zot:5    | Identified the +2 cloak of Unambiguity {-Tele rN+ Dex+3}
                  | (Okawaru gifted it to you on level 5 of the Realm of Zot)
 69611 | Zot:5    | Reached skill level 21 in Unarmed Combat
 70235 | Zot:5    | Got the Orb of Zot
 70578 | D:7      | Noticed Duimm the pandemonium lord
 70681 | D:1      | Lost mutation: Your spells are a little harder to cast, but
                  | a little more powerful. [potion of mutation]
 70681 | D:1      | Lost mutation: You have a pair of small horns on your head.
                  | [potion of mutation]
 70681 | D:1      | Gained mutation: Scrolls take you a little longer to read.
                  | [potion of mutation]
 70681 | D:1      | Gained mutation: You are robust. (+10% HP) [potion of
                  | mutation]
 70682 | D:1      | Lost mutation: Scrolls take you a little longer to read.
                  | [potion of mutation]
 70682 | D:1      | Lost mutation: You expend magic power (3 MP) to strengthen
                  | your wands. [potion of mutation]
 70682 | D:1      | Lost mutation: You sometimes yell uncontrollably at your
                  | foes. [potion of mutation]
 70682 | D:1      | Lost mutation: You occasionally shout uncontrollably at
                  | your foes. [potion of mutation]
 70682 | D:1      | Lost mutation: You often lose your temper in combat.
                  | [potion of mutation]
 70682 | D:1      | Gained mutation: You are resistant to hostile enchantments.
                  | (MR+) [potion of mutation]
 70684 | D:$      | Escaped with the Orb!

Levels and vault maps discovered:
D:1:      sevenhm_arrival_forest_fort_small_6, layout_loops_ring
D:2:      layout_rooms, lemuel_doored_altar, minmay_split_cup_large,
          uniq_sigmund
D:3:      cheibrodos_old_hovel, layout_loops_corners, old_standard_altar,
          chequers_ecumenical_altar_simple, hangedman_decor_peaks_small,
          minivault_11, nrook_campfire, uniq_robin
D:4:      layout_layer_cave, gammafunk_ghost_gnarly_gnolls, minmay_shop_damaged
D:5:      layout_gridville, kiku_gazebo_garden_becter, grunt_gozag_statues,
          first_ration
D:6:      layout_cave_pods, lemuel_crystal_altar, kennysheep_little_box,
          minmay_temple_entry_drinking_statues
D:7:      layout_basic, old_standard_altar, okawaru_metal_pillars_1_2,
          uniq_prince_ribbit1
D:8:      layout_loops_ring, nicolae_overflow_crystal_walls
D:9:      layout_basic, david_orc_2, uniq_erica
D:10:     layout_basic, david_lair_shrubbed
D:11:     layout_gridville, serial_shops, kennysheep_mini,
          chequers_serial_rivers_micro_c, grunt_ogre_cave, uniq_harold
D:12:     layout_cave_pods, basic_altar, eino_small_chamber_without_monster
D:13:     layout_roguey, skrybe_vaults_entry_preservation, serial_curves,
          eino_curves_04, eino_curves_03, enter_bailey_3, minmay_shop_mayhem
D:14:     layout_rooms, serial_aquarium, aquarium_bridge_long_joined
          [aquarium_subvault_wall, aquarium_subvault_balcony,
          aquarium_subvault_bridge, aquarium_subvault_window,
          aquarium_subvault_wall, aquarium_subvault_window],
          aquarium_bridge_island_small [aquarium_subvault_small_open,
          aquarium_subvault_bridge, aquarium_subvault_bridge,
          aquarium_subvault_bridge, aquarium_subvault_wall], aquarium_window_2,
          aquarium_window_corner, aquarium_view_4, aquarium_balcony_double_1
D:15:     hangedman_depths_entry_civil_slaughter, layout_loops_ring,
          chequers_garden, uniq_jorgrun, uniq_kirke
Lair:1:   layout_regular_city, chequers_serial_rivers_micro_a,
          beast_lair_carwin_8, grunt_megastairs_1
Lair:2:   layout_hall_layers, dummy_snake_entry, uniq_gastronok, uniq_sonja
Lair:3:   layout_chaotic_city, portal_ice_cave_entry_pillars_2, uniq_fannar
Lair:4:   gammafunk_mikee_crab_dinner, layout_hall_layers, swamp_mist_pool,
          basic_altar, gammafunk_ghost_arena, chequers_serial_rivers_micro_e,
          grunt_megastairs_5
Lair:5:   layout_long_grid, slime_altar_1
Lair:6:   gammafunk_lair_ancient_temple, layout_gridlike,
          hangedman_lair_generics_rect, infiniplex_staircase_pool_2
Swamp:1:  layout_basic_swamp, lemuel_altar_in_water, uniq_frances
Swamp:2:  layout_basic_swamp, ebering_ghost_reflecting_pool,
          infiniplex_staircase_pool
Swamp:3:  layout_basic_swamp, nicolae_swamp_very_dense_foliage, uniq_bai_suzhen
Swamp:4:  swamp_pestilence, layout_basic_swamp, swamp_pool3
Snake:1:  layout_grid_maze, serial_shops,
          nicolae_shop_temple_entry_statues_fountains, lemuel_fruit_tree,
          uniq_azrael, uniq_agnes, uniq_donald
Snake:2:  layout_rooms, uniq_aizul
Snake:3:  layout_layer_cave, uniq_mara, uniq_vashnia
Snake:4:  grunt_snake_rune_pools, layout_misc_corridors, serial_shops,
          shop_coins, nrook_guardian_serpent_ordinary
Slime:1:  layout_caves, nicolae_slime_barrier
Slime:2:  layout_caves
Slime:3:  layout_caves
Slime:4:  layout_caves
Slime:5
Orc:1:    layout_diamond_mine, serial_shops, nicolae_shop_crystal,
          gammafunk_ghost_abyssal_escape
Orc:2:    st_orc_open, layout_caves, basic_altar, minmay_orc_treasury
Elf:1:    layout_onion_city, minmay_elf_necromancy, minivault_16
Elf:2:    layout_loops_cross, gammafunk_ghost_berserking_beasts, serial_shops,
          shop
Elf:3:    minmay_elf_hall_statues, layout_geoelf_castle, grunt_megastairs_3
Vaults:1: dpeg_vaults_monster_row, vaults_mumra_minichess,
          nicolae_vaults_sealed_display, hangedman_vaults_nodes,
          hangedman_vaults_hat, vaults_mumra_minichess_inversion,
          nicolae_vaults_little_ls, ontoclasm_vaults_ring_small,
          vaults_room_ringed_pool, ontoclasm_vaults_ligature, layout_vaults_ring
Vaults:2: ontoclasm_vaults_decontamination, v_alt_pattern_5, v_pattern_2,
          nicolae_vaults_three_branches, v_misc_15, vaults_dpeg_encased_lava,
          v_misc_23, ontoclasm_vaults_eye, vaults_room_corners,
          layout_vaults_omnigrid, uniq_xtahua, uniq_saint_roka, uniq_mennas
Vaults:3: grunt_vaults_swirl, hangedman_vaults_corner_blocks, v_rooms_1,
          minmay_crypt_entry_necro_gods, nicolae_vaults_asterisk, v_pattern_1,
          hangedman_vaults_pinch, dpeg_vaults_waves,
          nicolae_vaults_windows_and_doors_thing,
          hangedman_vaults_stretched_pinwheel, nicolae_vaults_network_periphery,
          ontoclasm_vaults_gateway, layout_vaults_maze_snakey,
          portal_desolation_entry_nicolae_slug
Vaults:4: v_rooms_2, nicolae_vaults_mini_display_case, vaults_room_door_hall,
          grunt_vaults_diagonal, vaults_standard_mumra_enter_the_diamond,
          nicolae_vaults_ring_of_whatevers, nicolae_vaults_ring_of_whatevers,
          vaults_standard_mumra_enter_the_diamond, v_misc_14, vaults_dpeg_ring,
          layout_vaults_big_room, uniq_jory
Depths:1: layout_cave_shapes, chequers_decorated_corner, lightli_too_deep,
          minmay_misc_feat_pillars, kennysheep_two_boxes
Depths:2: hangedman_stitches_corridor, layout_cross, enter_ziggurat_c,
          serial_bayou_pond_b, grunt_hell_entry_dis_grunt,
          rand_demon_pan_entry_4, minmay_staircase_bubble, uniq_asterion
Depths:3: minmay_inner_zag, layout_cave_shapes, rand_demon_pan_entry_9,
          hell_entry, abyss_entry_flame_altar, kennysheep_kite_vault
Depths:4: radiant_caverns_b_rkd, abyss_entry, hell_entry
Depths:5: evilmike_zot_entry_diamond, layout_gridlike,
          hangedman_abyss_or_decor_stabs, hell_entry, serial_bayou_shore_b,
          minmay_shop_star, serial_bayou_shore_a, serial_bayou_shore_b
Zot:1:    layout_basic, grunt_ministairs_12, hangedman_zot_spectrum
Zot:2:    kennysheep_blocky_room, layout_misc_corridors
Zot:3:    layout_gridlike, hangedman_hellfire_club
Zot:4:    layout_gridville, basic_altar, st_single_dragon_hoard_4
Zot:5:    layout_gridlike

Skill      XL: |  1  2  3  4  5  6  7  8  9 10 11 12 13 14 15 16 17 18 19 20 21 22 23 24 25 26 27 |
---------------+----------------------------------------------------------------------------------+-----
Fighting       | 1 2 3 4 5 6 7 8 9 10 11 12 13 14 15 16 17 18 | 18.0
Unarmed Combat | 1 2 3 4 5 6 8 9 10 11 12 13 14 15 16 17 18 19 21 | 21.0
Dodging        | 2 3 4 5 6 7 8 9 10 11 12 13 14 16 17 18 | 18.7
Throwing       | 1 2 3 5 6 7 8 9 10 11 12 13 14 15 16 17 18 | 18.6
Evocations     | 3 4 5 6 7 8 9 10 11 12 13 14 15 | 15.7
Armour         | 2 3 4 5 6 7 9 10 11 12 13 14 15 17 | 17.0
Invocations    | 2 3 4 5 6 8 9 10 | 10.0
Shields        | 4 6 8 9 |  9.0
Short Blades   | |  0.7
Stealth        | |  0.3

Action                   |  1- 3 |  4- 6 |  7- 9 | 10-12 | 13-15 | 16-18 | 19-21 | 22-24 | 25-27 || total
-------------------------+-------+-------+-------+-------+-------+-------+-------+-------+-------++-------
Melee: Unarmed           |   113 |   232 |   280 |   620 |  1083 |   955 |  2061 |  2357 |  1743 ||  9444
       Punch             |       |     3 |     7 |    16 |       |       |       |       |       ||    26
       Headbutt          |       |       |       |       |       |       |   357 |   798 |   592 ||  1747
       Hand axe          |       |       |       |       |       |       |     5 |       |       ||     5
Throw: Dart              |       |    10 |    17 |    19 |     9 |       |       |       |       ||    55
       Boomerang         |       |     2 |     2 |       |       |       |       |       |       ||     4
       Javelin           |       |       |     6 |     9 |    77 |    34 |   111 |    30 |    94 ||   361
       Large rock        |       |       |       |    25 |    41 |    92 |   231 |    27 |   145 ||   561
       Throwing net      |       |       |       |       |       |       |       |       |     1 ||     1
Invok: Heroism           |       |       |     2 |    15 |    31 |    21 |    45 |    38 |    31 ||   183
       Finesse           |       |       |       |       |       |       |     2 |     1 |     1 ||     4
 Abil: Evoke Invisibilit |       |       |       |       |       |       |     5 |       |       ||     5
Evoke: Wand              |     2 |     1 |     3 |    21 |    17 |    25 |    47 |     1 |    28 ||   145
       Lightning rod     |       |       |       |     6 |       |       |       |       |       ||     6
       Box of beasts     |       |       |       |       |       |     1 |     2 |     4 |     1 ||     8
  Use: Scroll            |       |       |    11 |    12 |    11 |     3 |    11 |    25 |    12 ||    85
       Potion            |       |       |     8 |     4 |     3 |     2 |     9 |     3 |    18 ||    47
 Stab: Sleeping          |       |     3 |     1 |     4 |     6 |     4 |     1 |       |       ||    19
       Distracted        |       |       |       |       |     3 |       |       |     2 |     1 ||     6
       Paralysed         |       |       |       |       |       |     3 |    15 |       |    26 ||    44
       Invisible         |       |       |       |       |       |       |    18 |       |       ||    18
  Eat: Chunk             |    10 |    26 |    25 |    56 |    68 |    44 |   129 |   102 |    91 ||   551
       Ration            |       |       |       |       |       |     9 |    10 |     3 |     8 ||    30
Armor: Robe              |    58 |    86 |    96 |     4 |    70 |       |       |       |       ||   314
       Skin              |       |       |     8 |       |       |       |       |       |       ||     8
       Animal skin       |       |       |    23 |   155 |       |       |       |       |       ||   178
       Acid dragon scale |       |       |       |       |   142 |   168 |   545 |       |       ||   855
       Gold dragon scale |       |       |       |       |       |       |       |   835 |   700 ||  1535
Dodge: Dodged            |    79 |   126 |   183 |   317 |   413 |   377 |   949 |   501 |   470 ||  3415
       Deflected         |       |       |     6 |     8 |       |       |       |       |       ||    14
Block: Kite shield       |       |       |       |    95 |   682 |   619 |  1400 |  1182 |   874 ||  4852

Table legend:
 A = Non-vault XP
 B = Vault XP
 C = Vault XP percentage of total XP
 D = Non-vault monster count
 E = Vault monster count
 F = Vault count percentage of total count
                 A         B        C        D         E       F
            +---------+---------+-------+---------+---------+-------
      Total |  838492 |  792697 |  48.6 |    1590 |     898 |  36.1
            +---------+---------+-------+---------+---------+-------
        D:1 |      17 |       0 |   0.0 |      11 |       0 |   0.0
        D:2 |     190 |     231 |  54.9 |      23 |       5 |  17.9
        D:3 |     204 |      40 |  16.4 |      30 |      14 |  31.8
        D:4 |      83 |     476 |  85.2 |      14 |       9 |  39.1
        D:5 |     536 |       0 |   0.0 |      20 |       0 |   0.0
        D:6 |     919 |       0 |   0.0 |      15 |       0 |   0.0
        D:7 |    2730 |     277 |   9.2 |      40 |       1 |   2.4
        D:8 |    1594 |       0 |   0.0 |      40 |       0 |   0.0
        D:9 |    2463 |     944 |  27.7 |      33 |       8 |  19.5
       D:10 |    2076 |     378 |  15.4 |      23 |       1 |   4.2
       D:11 |    4866 |    1097 |  18.4 |      28 |       2 |   6.7
       D:12 |    5406 |       0 |   0.0 |      28 |       0 |   0.0
       D:13 |    6267 |    3685 |  37.0 |      43 |      13 |  23.2
       D:14 |    9468 |       0 |   0.0 |      33 |       0 |   0.0
       D:15 |   17663 |   11151 |  38.7 |      45 |      11 |  19.6
     Lair:1 |    4944 |    2012 |  28.9 |      22 |      11 |  33.3
     Lair:2 |    1990 |    3317 |  62.5 |      14 |       2 |  12.5
     Lair:3 |    6674 |    1002 |  13.1 |      21 |       1 |   4.5
     Lair:4 |   10297 |   15854 |  60.6 |      35 |      20 |  36.4
     Lair:5 |    7635 |       0 |   0.0 |      22 |       0 |   0.0
     Lair:6 |    5536 |    6939 |  55.6 |      19 |      14 |  42.4
    Swamp:1 |   14102 |    2448 |  14.8 |      26 |       1 |   3.7
    Swamp:2 |   13314 |    2167 |  14.0 |      31 |       1 |   3.1
    Swamp:3 |   15110 |    5460 |  26.5 |      45 |       1 |   2.2
    Swamp:4 |   19701 |   14843 |  43.0 |      47 |      44 |  48.4
    Snake:1 |   15414 |    8103 |  34.5 |      27 |      10 |  27.0
    Snake:2 |   17995 |       0 |   0.0 |      37 |       0 |   0.0
    Snake:3 |   16489 |   13136 |  44.3 |      29 |       6 |  17.1
    Snake:4 |   14056 |   40180 |  74.1 |      26 |      60 |  69.8
    Slime:1 |    5233 |       0 |   0.0 |      15 |       0 |   0.0
    Slime:2 |     540 |       0 |   0.0 |       2 |       0 |   0.0
    Slime:3 |    6068 |       0 |   0.0 |      13 |       0 |   0.0
    Slime:4 |    8607 |    1864 |  17.8 |       6 |       1 |  14.3
    Slime:5 |    3080 |   22635 |  88.0 |       3 |       9 |  75.0
      Orc:1 |    4996 |    9927 |  66.5 |      46 |      17 |  27.0
      Orc:2 |    5658 |   20724 |  78.6 |      44 |      75 |  63.0
      Elf:1 |   12631 |    6231 |  33.0 |      23 |      13 |  36.1
      Elf:2 |   18848 |    1799 |   8.7 |      34 |       2 |   5.6
      Elf:3 |   14896 |   46783 |  75.8 |      26 |      33 |  55.9
   Vaults:1 |   18648 |   31427 |  62.8 |      45 |      49 |  52.1
   Vaults:2 |   20634 |   32109 |  60.9 |      28 |      38 |  57.6
   Vaults:3 |   19720 |   26261 |  57.1 |      38 |      35 |  47.9
   Vaults:4 |   35302 |   17560 |  33.2 |      53 |      17 |  24.3
   Depths:1 |   63101 |    7640 |  10.8 |      75 |       9 |  10.7
   Depths:2 |   12984 |   33710 |  72.2 |      20 |      28 |  58.3
   Depths:3 |   28487 |   22596 |  44.2 |      38 |      22 |  36.7
   Depths:4 |       0 |   62509 | 100.0 |       0 |      94 | 100.0
   Depths:5 |   53095 |   18172 |  25.5 |      62 |      10 |  13.9
      Zot:1 |   61980 |   62109 |  50.1 |      43 |      38 |  46.9
      Zot:2 |   79381 |   14734 |  15.7 |      50 |       8 |  13.8
      Zot:3 |   46140 |    5154 |  10.0 |      28 |       7 |  20.0
      Zot:4 |   40575 |    9540 |  19.0 |      23 |       3 |  11.5
      Zot:5 |   55445 |  157708 |  74.0 |      32 |      37 |  53.6
    Abyss:1 |    4704 |       0 |   0.0 |      16 |       0 |   0.0
     Bailey |       0 |    3811 | 100.0 |       0 |      40 | 100.0
 Desolation |       0 |   43954 | 100.0 |       0 |      78 | 100.0
            +---------+---------+-------+---------+---------+-------

Action                   |  1- 3 |  4- 6 |  7- 9 | 10-12 | 13-15 | 16-18 | 19-21 | 22-24 | 25-27 || total
-------------------------+-------+-------+-------+-------+-------+-------+-------+-------+-------++-------
Melee: Unarmed           |   113 |   232 |   280 |   620 |  1083 |   955 |  2061 |  2357 |  1743 ||  9444
       Punch             |       |     3 |     7 |    16 |       |       |       |       |       ||    26
       Headbutt          |       |       |       |       |       |       |   357 |   798 |   592 ||  1747
       Hand axe          |       |       |       |       |       |       |     5 |       |       ||     5
Throw: Dart              |       |    10 |    17 |    19 |     9 |       |       |       |       ||    55
       Boomerang         |       |     2 |     2 |       |       |       |       |       |       ||     4
       Javelin           |       |       |     6 |     9 |    77 |    34 |   111 |    30 |    94 ||   361
       Large rock        |       |       |       |    25 |    41 |    92 |   231 |    27 |   145 ||   561
       Throwing net      |       |       |       |       |       |       |       |       |     1 ||     1
Invok: Heroism           |       |       |     2 |    15 |    31 |    21 |    45 |    38 |    31 ||   183
       Finesse           |       |       |       |       |       |       |     2 |     1 |     1 ||     4
 Abil: Evoke Invisibilit |       |       |       |       |       |       |     5 |       |       ||     5
Evoke: Wand              |     2 |     1 |     3 |    21 |    17 |    25 |    47 |     1 |    28 ||   145
       Lightning rod     |       |       |       |     6 |       |       |       |       |       ||     6
       Box of beasts     |       |       |       |       |       |     1 |     2 |     4 |     1 ||     8
  Use: Scroll            |       |       |    11 |    12 |    11 |     3 |    11 |    25 |    12 ||    85
       Potion            |       |       |     8 |     4 |     3 |     2 |     9 |     3 |    18 ||    47
 Stab: Sleeping          |       |     3 |     1 |     4 |     6 |     4 |     1 |       |       ||    19
       Distracted        |       |       |       |       |     3 |       |       |     2 |     1 ||     6
       Paralysed         |       |       |       |       |       |     3 |    15 |       |    26 ||    44
       Invisible         |       |       |       |       |       |       |    18 |       |       ||    18
  Eat: Chunk             |    10 |    26 |    25 |    56 |    68 |    44 |   129 |   102 |    91 ||   551
       Ration            |       |       |       |       |       |     9 |    10 |     3 |     8 ||    30
Armor: Robe              |    58 |    86 |    96 |     4 |    70 |       |       |       |       ||   314
       Skin              |       |       |     8 |       |       |       |       |       |       ||     8
       Animal skin       |       |       |    23 |   155 |       |       |       |       |       ||   178
       Acid dragon scale |       |       |       |       |   142 |   168 |   545 |       |       ||   855
       Gold dragon scale |       |       |       |       |       |       |       |   835 |   700 ||  1535
Dodge: Dodged            |    79 |   126 |   183 |   317 |   413 |   377 |   949 |   501 |   470 ||  3415
       Deflected         |       |       |     6 |     8 |       |       |       |       |       ||    14
Block: Kite shield       |       |       |       |    95 |   682 |   619 |  1400 |  1182 |   874 ||  4852
